 Dungeon Crawl Stone Soup version 0.31.0-32-g396128a36d (webtiles) character file.

Game seed: 8447000584195846180

7199 chippings the Cleaver (level 10, 0/88 HPs)
             Began as a Red Draconian Wanderer on Apr 3, 2024.
             Was a Priest of Sif Muna.
             Shot with an arrow by a centaur warrior (1 damage)
             ... on level 9 of the Dungeon.
             The game lasted 00:24:08 (8705 turns).

chippings the Cleaver (Red Draconian Wanderer)      Turns: 8705, Time: 00:24:08

Health: 0/88       AC:  8    Str: 13    XL:     10   Next: 87%
Magic:  16/16      EV: 17    Int: 11    God:    Sif Muna [***...]
Gold:   183        SH:  0    Dex: 24    Spells: 7/17 levels left

rFire   + + .        v - +4 war axe of Tothofyj {protect, Dex+3}
rCold   + . .        (no shield)
rNeg    . . .        (body armour unavailable)
rPois   +            (helmet restricted)
rElec   .            (no cloak)
rCorr   .            C - +0 pair of gloves
SInv    .            (no boots)
Will    .....        (no amulet)
Stlth   +++          b - ring of protection from fire
HPRegen 0.34/turn    c - ring of Cophuv {rPois rC+ Int-3 Dex+6}
MPRegen 0.15/turn

%: no passive effects
@: short of breath
A: breathe fire, AC +7, unfitting armour, fire resistance 1, cold-blooded
a: Breathe Fire, Renounce Religion, Channel Magic, Forget Spell


You were on level 9 of the Dungeon.
You worshipped Sif Muna.
Sif Muna was most pleased with you.
You visited 2 branches of the dungeon, and saw 10 of its levels.
You also visited: Sewer.

You collected 440 gold pieces.
You spent 257 gold pieces at shops.

Inventory:

Hand Weapons
 v - the +4 war axe of Tothofyj (weapon) {protect, Dex+3}
   (You bought it in a shop on level 4 of the Dungeon)

   Dex+3:     It affects your dexterity (+3).
Missiles
 s - 7 curare-tipped darts
 u - 39 poisoned darts (quivered)
 B - 2 atropa-tipped darts
 E - 2 throwing nets
Armour
 C - a +0 pair of gloves (worn)
Jewellery
 b - a ring of protection from fire (left hand)
 c - the ring of Cophuv (right hand) {rPois rC+ Int-3 Dex+6}
   (You found it on level 5 of the Dungeon)

   [ring of dexterity]

   Int-3:     It affects your intelligence (-3).
   Dex+6:     It affects your dexterity (+6).
   rC+:       It protects you from cold.
   rPois:     It protects you from poison
Wands
 j - a wand of iceblast (25)
 A - a wand of flame (5)
Scrolls
 d - a scroll of amnesia {unknown}
 e - 2 scrolls of summoning {unknown}
 h - 2 scrolls of blinking {unknown}
 k - a scroll of enchant armour {unknown}
 m - 9 scrolls of identify {unknown}
 p - 2 scrolls of poison {unknown}
 t - a scroll of revelation {unknown}
 w - 4 scrolls of teleportation
 y - a scroll of immolation {unknown}
 z - a scroll of acquirement {unknown}
 D - a scroll of enchant weapon {unknown}
Potions
 a - 2 potions of enlightenment
 f - a potion of magic {unknown}
 g - 3 potions of brilliance {unknown}
 i - a potion of attraction {unknown}
 l - a potion of haste {unknown}
 n - 3 potions of heal wounds {unknown}
 o - a potion of lignification {unknown}
 q - 3 potions of mutation {unknown}
 r - a potion of might
 x - 3 potions of curing {unknown}


   Skills:
 - Level 8.0 Fighting
 + Level 8.6 Axes
 - Level 1.7 Ranged Weapons
 + Level 6.5 Dodging
 - Level 4.0 Stealth
 - Level 4.2 Spellcasting
 + Level 7.2 Fire Magic
 + Level 5.9 Alchemy
 + Level 3.7 Invocations


You had 7 spell levels left.
You knew the following spells:

 Your Spells              Type           Power      Damage    Failure   Level
a - Ignite Poison         Fire/Alch      16%        N/A       16%         4
b - Eringya's Noxious Bo  Alch           7%         4d6       97%         6

Your spell library contained the following spells:

 Spells                   Type           Power      Damage    Failure   Level
 Magic Dart               Conj           8%         1d3       24%         1
 Mephitic Cloud           Conj/Alch/Air  6%         N/A       30%         3
 Blink                    Tloc           4%         N/A       34%         2
 Call Imp                 Summ           4%         N/A       34%         2
 Call Canine Familiar     Summ           2%         N/A       56%         3
 Frozen Ramparts          Ice            4%         1d1       56%         3
 Sigil of Binding         Hex            2%         N/A       56%         3
 Leda's Liquefaction      Alch/Erth      4%         N/A       56%         4
 Petrify                  Alch/Erth      8%         N/A       56%         4
 Dimensional Bullseye     Hex/Tloc       1%         N/A       93%         4
 Metabolic Englaciation   Hex/Ice        1%         N/A       100%        5


Dungeon Overview and Level Annotations

Branches:
Dungeon (9/15)             Temple (1/1) D:6            Lair (0/5) D:8
  Sewer (visited)
    Orc: D:9-12

Altars:
Ashenzari
Cheibriados
Dithmenos
Elyvilon
Fedhas
Gozag
Hepliaklqana
Kikubaaqudgha
Makhleb
Nemelex Xobeh
Okawaru
Qazlal
Ru
Sif Muna
Trog
Uskayaw
Vehumet
Wu Jian
Xom
Yredelemnul
Zin
The Shining One

Shops:
D:1 (   D:4 (   D:5 *   D:6 [*

Annotations:
D:3 1 runed translucent door, Crazy Yiuf


Innate Abilities, Weirdness & Mutations

You can breathe blasts of fire.
Your fiery red scales are hard. (AC +7)
You cannot fit into any form of body armour.
Your flesh is heat resistant. (rF+)
You are cold-blooded and may be slowed by cold attacks.


Message History

x - 3 dark potions (gained 1)
Found a quarterstaff.
You see here a +0 quarterstaff.
Done exploring.
Done exploring.
There is a stone staircase leading down here.
You climb downwards.
There is a stone staircase leading up here.
You open the door.
A centaur warrior and a boulder beetle come into view.
Found two escape hatches in the ceiling and two escape hatches in the floor.
There is an open door here.
The centaur warrior shouts!
The centaur warrior wields a +1 shortbow of flaming.
It bursts into flame!
The centaur warrior shoots an arrow.
The arrow hits you! The arrow burns you.
There is an open door, spattered with blood here.
The centaur warrior shoots an arrow.
The arrow closely misses you.
You close the door.
A centaur warrior breaks down the door.
The centaur warrior shoots an arrow.
The arrow closely misses you.
The centaur warrior shoots an arrow.
The arrow hits you!! The arrow burns you.
Aiming: Breathe Fire (3% risk of failure)
Press: ? - help, Shift-Dir - straight line You breathe a blast of fire.
The centaur warrior shoots an arrow.
The arrow hits you.
The centaur warrior shoots an arrow.
The arrow hits you!! The arrow burns you.
* * * LOW HITPOINT WARNING * * *
The centaur warrior shoots an arrow.
The arrow misses you.
The centaur warrior shoots an arrow.
The arrow barely misses you.
Okay, then.
The centaur warrior shoots an arrow.
The arrow hits you!
* * * LOW HITPOINT WARNING * * *
The arrow burns you.
* * * LOW HITPOINT WARNING * * *
There is a stone staircase leading up here.
The centaur warrior shoots an arrow.
The arrow hits you!
* * * LOW HITPOINT WARNING * * *
The arrow burns you.
You die...

##### #>.<###
#...#.###
#c..#...###
#...#.....###
#...#.......###
+...'..c.....@#
#...#.......###
#...#.....###
#...#...###
#...#.###
#>B<### #####


You could see a centaur warrior.

Vanquished Creatures
  A two-headed ogre (D:8)
  Maggie (D:6)
  A kobold demonologist (D:8)
  Grinder (D:4)
  Sigmund (D:4)
  2 wyverns
  A yak (D:5)
  Grum (D:8)
  Menkaure (D:7)
  An acid dragon (D:8)
  Edmund (D:6)
  3 water moccasins
  2 sky beasts (D:7)
  6 black bears
  An ice beast (D:6)
  2 orc warriors
  3 wolves (D:8)
  2 ogres
  2 centaurs
  A phantom (D:3)
  11 kobold brigands
  A brain worm (Sewer)
  A gnoll sergeant (D:5)
  3 scorpions
  2 bullfrogs
  12 killer bees
  4 jellies
  A howler monkey (D:5)
  A gnoll bouda (D:8)
  2 bombardier beetles
  2 hounds
  7 orc priests
  2 iguanas
  5 orc wizards
  A sleepcap (D:6)
  7 adders
  13 gnolls
  2 river rats (Sewer)
  2 shadow imps (D:8)
  2 white imps
  5 ufetubi
  9 ribbon worms
  2 dart slugs
  24 orcs
  14 ball pythons
  8 bats
  13 endoplasms
  A giant cockroach (D:4)
  5 goblins
  5 hobgoblins
  4 jackals (D:4)
  5 quokkas
  4 frilled lizards
  42 kobolds
  9 kobold skeletons (D:8)
  9 kobold zombies (D:8)
  10 rats
284 creatures vanquished.

Notes
Turn   | Place    | Note
-------+----------+-------------------------------------------
     0 | D:1      | chippings the Draconian Wanderer began the quest for the
                  | Orb.
     0 | D:1      | chippings set off with the following items: a +1 war axe, a
                  | +0 sling, a potion of might.
     0 | D:1      | Reached XP level 1. HP: 22/22 MP: 1/1
    46 | D:1      | Reached XP level 2. HP: 21/28 MP: 2/2
   680 | D:1      | Found Doagufrutt's Weapon Emporium.
   766 | D:2      | Found a faded altar of an unknown god.
   894 | D:2      | Reached skill level 5 in Fighting
   894 | D:2      | Reached XP level 3. HP: 24/36 MP: 3/3
  1353 | D:3      | Noticed a phantom
  1381 | D:3      | Killed a phantom
  1382 | D:3      | Reached XP level 4. HP: 23/44 MP: 4/4
  1601 | D:3      | Found a runed translucent door.
  1602 | D:3      | Noticed Crazy Yiuf
  1739 | D:3      | Reached XP level 5. HP: 50/50 MP: 5/5
  2214 | D:4      | Reached skill level 1 in Dodging
  2268 | D:4      | Noticed Sigmund
  2278 | D:4      | Killed Sigmund
  2279 | D:4      | Reached skill level 5 in Axes
  2279 | D:4      | Reached XP level 6. HP: 41/58 MP: 6/6
  2347 | D:4      | Found Futoxz Yffy's Antique Weapon Boutique.
  2397 | D:4      | Found a glowing drain.
  2401 | Sewer    | Entered a sewer
  2630 | Sewer    | Your scales start taking on a fiery red colour.
  2630 | Sewer    | Reached XP level 7. HP: 21/64 MP: 7/7
  2630 | Sewer    | Gained mutation: Your flesh is heat resistant. (rF+) [Red
                  | Draconian growth]
  3544 | D:4      | Bought a steaming war axe for 170 gold pieces
  3544 | D:4      | Identified the +4 war axe of Tothofyj {protect, Dex+3} (You
                  | bought it in a shop on level 4 of the Dungeon)
  3807 | D:4      | Found a blossoming altar of Fedhas.
  3889 | D:4      | Reached XP level 8. HP: 69/73 MP: 8/8
  3926 | D:4      | Got Sif Muna's Textbook on the Scorpion
  3934 | D:4      | Learned a level 4 spell: Ignite Poison
  4031 | D:4      | Noticed Grinder
  4038 | D:4      | Paralysed by Grinder for 4 turns
  4047 | D:4      | Paralysed by Grinder for 2 turns
  4053 | D:4      | Paralysed by Grinder for 3 turns
  4057 | D:4      | Killed Grinder
  4058 | D:4      | Reached skill level 1 in Spellcasting
  4058 | D:4      | Reached skill level 1 in Fire Magic
  4058 | D:4      | Reached skill level 1 in Alchemy
  4212 | D:5      | Entered Level 5 of the Dungeon
  4456 | D:5      | Identified the ring of Cophuv {rPois rC+ Int-3 Dex+6}
  4474 | D:5      | Found a broken altar of Ashenzari.
  4731 | D:5      | Found a glowing golden altar of the Shining One.
  4840 | D:5      | Found an opulent altar of Gozag.
  5211 | D:5      | Found Kyl Ygorch's Assorted Antiques.
  5216 | D:5      | Bought a scroll labelled JUBLAM UCUPEN for 27 gold pieces
  5216 | D:5      | Bought a scroll labelled JUBLAM UCUPEN for 27 gold pieces
  5237 | D:5      | Reached XP level 9. HP: 73/81 MP: 12/12
  5755 | D:6      | Found Zuidd's Armour Shoppe.
  5912 | D:6      | Found a staircase to the Ecumenical Temple.
  5917 | Temple   | Entered the Ecumenical Temple
  6030 | Temple   | Became a worshipper of Sif Muna the Loreminder
  6092 | D:6      | Noticed Edmund
  6109 | D:6      | Killed Edmund
  6146 | D:6      | Found a radiant altar of Vehumet.
  6273 | D:6      | Reached skill level 5 in Dodging
  6312 | D:6      | Noticed Maggie
  6325 | D:6      | Killed Maggie
  6326 | D:6      | Reached skill level 5 in Fire Magic
  6403 | D:6      | Found Bekaekh's General Store.
  6411 | D:6      | Bought a scroll of teleportation for 33 gold pieces
  6616 | D:7      | Noticed Menkaure
  6620 | D:7      | Killed Menkaure
  6637 | D:7      | Reached * piety under Sif Muna
  6647 | D:7      | Reached XP level 10. HP: 70/88 MP: 16/16
  7060 | D:7      | Learned a level 6 spell: Eringya's Noxious Bog
  7334 | D:8      | Noticed a two-headed ogre
  7357 | D:8      | Killed a two-headed ogre
  7358 | D:8      | Reached skill level 5 in Alchemy
  7358 | D:8      | Reached skill level 1 in Invocations
  7523 | D:8      | Found a staircase to the Lair.
  7566 | D:8      | Reached ** piety under Sif Muna
  7649 | D:8      | Noticed Grum
  7660 | D:8      | Killed Grum
  7859 | D:8      | Reached *** piety under Sif Muna
  7920 | D:8      | Found an ancient bone altar of Kikubaaqudgha.
  8384 | D:8      | Found a shadowy altar of Dithmenos.
  8513 | D:8      | Found a hazy altar of Hepliaklqana.
  8691 | D:9      | Noticed a centaur warrior
  8691 | D:9      | Noticed a boulder beetle
  8705 | D:9      | HP: 1/88 [centaur warrior/arrow (9)]
  8705 | D:9      | Shot with an arrow by a centaur warrior

Illustrated notes

Levels and vault maps discovered:
D:1:      co_arrival_hall_of_pillars, layout_loops_ring, serial_shops,
          nicolae_shop_rolling_square
D:2:      layout_rooms, ebering_ecumenical_altar_mist, chequers_garden
D:3:      layout_basic, kennysheep_flooded_box, uniq_crazy_yiuf_cottage
D:4:      kennysheep_spiral_hall, layout_loops_cross,
          mainiacjoe_overflow_surrounded_room, serial_shops,
          nicolae_shop_advertising_works [nicolae_subvault_shop_adworks],
          mainiacjoe_sewer_entry_somewhere_in_here_2, uniq_sigmund, uniq_grinder
D:5:      layout_basic, nicolae_tso_carved_into_rock, serial_shops,
          kennysheep_little_box, hangedman_feature_mirror, nrook_uturn
D:6:      layout_gridville, mainiacjoe_overflow_six_doors_small,
          minmay_temple_entry_nine_rooms, serial_shops, shop, shop,
          hellmonk_no_cap, uniq_maggie, uniq_edmund
D:7:      layout_basic, uniq_menkaure
D:8:      wander_kiku_kobolds, layout_loops_corners,
          mainiacjoe_overflow_cross_hatched, grunt_dithmenos_smoke,
          due_lair_maze_entry_diamond, uniq_grum
D:9:      minmay_diamond_stairs, layout_long_grid, zombieorc1_lemuel,
          minmay_holes, nicolae_zig_zag_zippers
Temple:   nicolae_temple_bog_church

Skill      XL: |  1  2  3  4  5  6  7  8  9 10 |
---------------+-------------------------------+-----
Fighting       | 5 6 7 8 |  8.0
Axes           | 4 5 6 7 8 |  8.6
Dodging        | 1 2 3 4 5 6 |  6.5
Stealth        | 2 3 4 |  4.0
Spellcasting   | 2 4 |  4.2
Fire Magic     | 3 5 7 |  7.2
Alchemy        | 2 4 5 |  5.9
Invocations    | 3 |  3.7
Ranged Weapons | |  1.7

Action                     |  1- 3 |  4- 6 |  7- 9 | 10-12 || total
---------------------------+-------+-------+-------+-------++-------
  Melee: War axe           |   102 |   146 |   311 |   221 ||   780
         Tailslap          |    11 |    16 |    41 |    41 ||   109
         Punch             |       |       |     1 |     6 ||     7
  Throw: Dart              |       |       |       |     8 ||     8
Ability: Breathe Fire      |       |       |    11 |     6 ||    17
    Use: Potion            |       |     1 |     2 |       ||     3
   Stab: Sleeping          |     2 |       |     1 |     2 ||     5
         Distracted        |       |       |     1 |     2 ||     3
 Armour: Skin              |    73 |    86 |   264 |   156 ||   579
  Dodge: Dodged            |    83 |    94 |   314 |   252 ||   743
